 Dungeon Crawl Stone Soup version 0.28.0-53-g5a82cb258f (webtiles) character file.

Game seed: 3540627229771192988

108 safid the Chopper (level 4, -3/40 HPs)
             Began as a Hill Orc Fighter on Aug 20, 2022.
             Killed from afar by a dart slug (4 damage)
             ... with a slug dart
             ... on level 3 of the Dungeon.
             The game lasted 00:02:09 (2383 turns).

safid the Chopper (Hill Orc Fighter)                Turns: 2383, Time: 00:02:10

Health: -3/40      AC:  7    Str: 20    XL:     4   Next: 87%
Magic:  4/4        EV:  9    Int:  8    God:
Gold:   16         SH:  0    Dex: 10    Spells: 3/3 levels left

rFire   . . .      SeeInvis .   a - +0 war axe
rCold   . . .      Faith    .   c - +0 buckler
rNeg    . . .      Spirit   .   b - +0 scale mail
rPois   .          Reflect  .   (no helmet)
rElec   .          Harm     .   (no cloak)
rCorr   .          Rampage  .   (no gloves)
Will    .....                   (no boots)
Stlth   ..........              (no amulet)
HPRegen 0.13/turn               (no ring)
MPRegen 0.09/turn               (no ring)

@: confused
A: no striking features
a: no special abilities


You were on level 3 of the Dungeon.
You visited 1 branch of the dungeon, and saw 3 of its levels.

You collected 16 gold pieces.

Inventory:

Hand Weapons
 a - a +0 war axe (weapon)
Armour
 b - a +0 scale mail (worn)
 c - a +0 buckler (worn)
Scrolls
 e - 4 scrolls of teleportation {unknown}
Potions
 d - 2 potions of might
 f - 2 potions of heal wounds {unknown}
 g - a potion of attraction {unknown}
 h - 2 potions of magic {unknown}
 i - a potion of degeneration {unknown}
 j - a potion of mutation {unknown}


   Skills:
 - Level 4.0 Fighting
 + Level 4.9 Axes
 - Level 4.0 Armour
 - Level 4.0 Shields


You had 3 spell levels left.
You didn't know any spells.
Your spell library was empty.

Dungeon Overview and Level Annotations

Branches:
Dungeon (3/15)

Altars:


Message History

You are too injured to fight recklessly!
You are too injured to fight recklessly!
You are too injured to fight recklessly!
You are too injured to fight recklessly!
Unknown command.
You are too injured to fight recklessly!
Unknown command.
You are too injured to fight recklessly!
Unknown command.
You are too injured to fight recklessly!
Unknown command.
You barely miss the orc.
The orc is severely wounded.
You hit something. Something hits you. The dart slug launches a dart at you.
The slug dart hits you. The orc barely misses you.
You slash the orc!
You kill the orc!
You barely miss something. Something hits you.
* * * LOW HITPOINT WARNING * * *
You barely miss the orc. You miss something.
Something hits you but does no damage. The orc hits you but does no damage.
You hear some strange, mumbled words.
You are confused.
Unknown command.
You hit the orc.
The orc is moderately wounded.
You miss something. The orc hits you but does no damage.
You hear some strange, mumbled words.
You are more confused.
The orc hits you with a +0 flail.
* * * LOW HITPOINT WARNING * * *
You closely miss the orc.
The orc is moderately wounded.
You completely miss something. Something hits you but does no damage.
The orc hits you with a +0 flail!
* * * LOW HITPOINT WARNING * * *
The dart slug launches a dart at you. The slug dart hits you.
You die...

###### ###. #####....#
.(..< ..#......# .....
..#......# ......
.........#########.....#
...#.....#.....#{oo.....
...#.####.......@##
...........#......#
..##....#.##......#
........+..#.....w#
.####...###.#####...
.#......#...... ....
.#.#........### .....
.#.#....†...# .....
.#.#.......##


You could see a dart slug and 2 orcs.

Vanquished Creatures
  5 adders
  2 dart slugs (D:2)
  A worm (D:3)
  2 orcs (D:3)
  4 ball pythons
  4 endoplasms
  4 giant cockroaches
  4 goblins
  4 hobgoblins
  6 jackals (D:1)
  3 kobolds (D:1)
  A quokka (D:3)
  4 bats
  6 frilled lizards
  3 rats
53 creatures vanquished.

Notes
Turn   | Place    | Note
-------+----------+-------------------------------------------
     0 | D:1      | safid the Hill Orc Fighter began the quest for the Orb.
     0 | D:1      | Reached XP level 1. HP: 19/19 MP: 1/1
    77 | D:1      | Reached XP level 2. HP: 11/27 MP: 2/2
   480 | D:1      | Found a faded altar of an unknown god.
   539 | D:1      | Reached XP level 3. HP: 33/33 MP: 3/3
  1273 | D:2      | Reached XP level 4. HP: 40/40 MP: 4/4
  2383 | D:3      | HP: 1/40 [orc/+0 flail (7)]
  2383 | D:3      | Killed from afar by a dart slug

Illustrated notes

Levels and vault maps discovered:
D:1:      wheals_arrival_linesprint, layout_loops_cross,
          hellmonk_ecumenical_altar_arch_garden
D:2:      layout_loops_corners
D:3:      layout_basic, portal_sewer_entry_d, uniq_sigmund

Skill      XL: |  1  2  3  4 |
---------------+-------------+-----
Axes           | 3 4 |  4.9
Fighting       | 4 |  4.0
Shields        | 4 |  4.0
Armour         | 4 |  4.0

Action                   |  1- 3 |  4- 6 || total
-------------------------+-------+-------++-------
Melee: War axe           |    60 |    68 ||   128
Armor: Scale mail        |    28 |    31 ||    59
Dodge: Dodged            |    34 |    27 ||    61
Block: Buckler           |    14 |    14 ||    28
